 Dungeon Crawl Stone Soup version 0.23.2-1-ga50397a6bc (webtiles) character file.

Game seed: 14901598209850713401

5084 KleinerIrrer the Basher (level 10, -7/56 HPs)
             Began as an Octopode Fire Elementalist on May 2, 2019.
             Was an Initiate of Vehumet.
             Mangled by a wraith (14 damage)
             ... led by Josephine
             ... on level 9 of the Dungeon.
             The game lasted 00:37:22 (13856 turns).

KleinerIrrer the Basher (OpFE)                     Turns: 13856, Time: 00:37:23

Health: -7/56      AC:  1    Str:  8    XL:     10   Next: 57%
Magic:  13/29      EV: 14    Int: 24    God:    Vehumet [......]
Gold:   322        SH:  0    Dex: 18    Spells: 12/22 levels left

rFire    . . .     SeeInvis .   A - +10 flail "Xory" {freeze, MP+9 Int+4 Dex+5}
rCold    . . .     Gourm    .   (no shield)
rNeg     . . .     Faith    .   (helmet restricted)
rPois    .         Spirit   .   (no amulet)
rElec    .         Reflect  .   F - ring of protection from magic
rCorr    .         Harm     .   (no ring)
MR       +....                  (no ring)
Stlth    +++.......             (no ring)
HPRegen  0.18/turn              (no ring)
MPRegen  0.21/turn              (no ring)
                                (no ring)
                                (no ring)

@: slowed, very slow
A: almost no armour, stealthy swim, amphibious, 8 rings, constrict 8, camouflage
1, gelatinous body 1
a: Renounce Religion


You were on level 9 of the Dungeon.
You worshipped Vehumet.
Vehumet was noncommittal.
You were near starving.

You visited 2 branches of the dungeon, and saw 11 of its levels.
You also visited: Ossuary.

You collected 483 gold pieces.
You spent 161 gold pieces at shops.

Inventory:

Hand Weapons
 f - a +1 short sword
 w - a +0 blowgun
 A - the +10 flail "Xory" (weapon) {freeze, MP+9 Int+4 Dex+5}
   (You took it off an orc warrior on level 7 of the Dungeon)

   It has been specially enchanted to freeze those struck by it, causing extra
   injury to most foes and up to half again as much damage against particularly
   susceptible opponents.
   It can also slow down cold-blooded creatures.
   It affects your intelligence (+4).
   It affects your dexterity (+5).
   It affects your magic capacity (+9).
Missiles
 c - 30 poisoned needles
 d - 202 stones (quivered)
Jewellery
 F - a ring of protection from magic (left tentacle)
Wands
 a - a wand of flame (14)
 n - a wand of digging (5)
 t - a wand of paralysis (4)
 y - a wand of disintegration (9)
 G - a wand of clouds (4)
 H - a wand of enslavement (6)
Scrolls
 h - 3 scrolls of fear
 i - 2 scrolls of fog {unknown}
 j - 3 scrolls of remove curse
 k - a scroll of random uselessness {unknown}
 l - 3 scrolls of magic mapping
 r - a scroll of enchant armour
 v - a scroll of noise {unknown}
 x - 2 scrolls of teleportation
 B - 3 scrolls of identify
 D - a scroll of brand weapon {unknown}
Potions
 e - 3 potions of flight
 g - a potion of agility {unknown}
 m - a potion of haste
 o - 2 potions of berserk rage {unknown}
 p - 4 potions of invisibility {unknown}
 q - a potion of might {unknown}
 s - 6 potions of curing
 u - 2 potions of brilliance
 z - 3 potions of lignification
 C - a potion of ambrosia {unknown}
Comestibles
 b - 14 rations


   Skills:
 + Level 9.6 Maces & Flails
 - Level 2.0 Dodging
 - Level 2.6 Stealth
 - Level 6.8 Spellcasting
 - Level 6.2 Conjurations
 - Level 7.9 Fire Magic


You had 12 spell levels left.
You knew the following spells:

 Your Spells              Type           Power        Failure   Level  Hunger
a - Flame Tongue          Conj/Fire      #####        1%          1    None
b - Conjure Flame         Conj/Fire      #####...     1%          3    None
c - Sticky Flame          Conj/Fire      #####...     4%          4    ###....
d - Blink                 Tloc           N/A          11%         2    None

Your spell library contained the following spells:

 Spells                   Type           Power        Failure   Level  Hunger
 Magic Dart               Conj           ####         1%          1    None
 Throw Flame              Conj/Fire      #####.       1%          2    None
 Inner Flame              Hex/Fire       ####....     4%          3    None
 Animate Skeleton         Necr           N/A          8%          1    None
 Apportation              Tloc           #.....       8%          1    None
 Confusing Touch          Hex            #.....       8%          1    None
 Infusion                 Chrm           #...         8%          1    None
 Summon Small Mammal      Summ           #...         8%          1    None
 Mephitic Cloud           Conj/Pois/Air  ###.....     10%         3    None
 Call Imp                 Summ           #.......     11%         2    None
 Shroud of Golubria       Chrm/Tloc      #.........   11%         2    None
 Slow                     Hex            #.......     11%         2    None
 Song of Slaying          Chrm           #.......     11%         2    None
 Fireball                 Conj/Fire      #####.....   11%         5    #####..
 Confuse                  Hex            #.......     22%         3    None
 Gell's Gravitas          Tloc           #.........   22%         3    None
 Regeneration             Chrm/Necr      #.........   22%         3    None
 Spectral Weapon          Hex/Chrm       #.......     22%         3    None
 Petrify                  Tmut/Erth      #.......     58%         4    ###....
 Metabolic Englaciation   Hex/Ice        #.........   90%         5    #####..
 Yara's Violent Unravell  Hex/Tmut       #.........   90%         5    #####..


Dungeon Overview and Level Annotations

Branches:
Dungeon (10/15)            Temple (1/1) D:7            Lair (0/6) D:8
    Orc: D:9-12

Altars:
Ashenzari
Cheibriados
Dithmenos
Elyvilon
Fedhas
Gozag
Hepliaklqana
Kikubaaqudgha
Makhleb
Nemelex Xobeh
Okawaru
Qazlal
Ru
Trog
Uskayaw
Vehumet
Wu Jian
Xom
Yredelemnul
Zin
The Shining One

Shops:
D:6 ?   D:9 :

Annotations:
D:2 Sigmund
D:9 1 runed translucent door, voshxz's ghost, novice MiBe
D:10 Josephine


Innate Abilities, Weirdness & Mutations

You cannot wear most types of armour.
You are very stealthy in the water. (Stealth+)
You are amphibious.
You can wear up to eight rings at the same time.
You can use your tentacles to constrict eight enemies at once.
Your skin changes colour to match your surroundings (Stealth+).
Your rubbery body absorbs attacks. (AC +1, EV +1)


Message History

The wraith misses you. The wraith closely misses you.
Casting: Sticky Flame (safe; 4% risk of failure)
Confirm with . or Enter, or press ? or * to list all spells.
Aiming: Sticky Flame (safe; 4% risk of failure)
Press: ? - help, Shift-Dir - straight line, f/p - wraith
Aim: a wraith (heavily damaged)
The sticky flame hits the wraith!
The wraith is severely damaged.
You are near starving!
The wraith hits you!
* * * LOW HITPOINT WARNING * * *
Casting: Sticky Flame (safe; 4% risk of failure)
Confirm with . or Enter, or press ? or * to list all spells.
Aiming: Sticky Flame (safe; 4% risk of failure)
Press: ? - help, Shift-Dir - straight line, f/p - wraith
Aim: a wraith (severely damaged)
The sticky flame hits the wraith!
The wraith is almost destroyed.
The wraith barely misses you. The wraith hits you!
You die...

...⌠#♣♣.....#..#...#...#...#...##
#+##♣%♣.....#...................#
.iW♣♣.♣.....#####################
.♣h..♣♣..........# #...##.##.#
...♣.♣#..........###.####.##.#
♣♣..♣♣##..........(..# ##.##.#
..h♣♣##........(.(..###..##.#
♣♣♣♣♣.......(....W#...#..##..#
#...............@####...###.##
...........#.......###.## #.#
.#...<.................## #.#
...................###..###.#
.#.....[.....#.......##.##..#
.###...##.####.....#..#.##.##
.###.###..# ###..###.#....#
.#...#...## #...##.###..#####
...##..### #.#.............#


You could see a wraith.

Vanquished Creatures
  Harold (D:7)
  A two-headed ogre (D:8)
  2 trolls (D:9)
  3 hippogriffs
  A spriggan (D:8)
  3 orc warriors
  A phantom (D:8)
  2 ogres
  2 centaurs (D:9)
  2 bullfrogs (D:8)
  5 scorpions
  A killer bee (D:9)
  4 wights (D:8)
  3 crimson imps
  A human zombie (Ossuary)
  A quasit (D:8)
  3 orc wizards
  3 bullfrog zombies (D:9)
  4 hounds
  4 orc priests
  2 jellies
  A centaur skeleton (D:8)
  3 iron imps (D:4)
  5 iguanas
  Ijyb (D:3)
  Terence (D:2)
  4 worker ants
  A killer bee zombie (D:9)
  2 hound zombies (Ossuary)
  5 mummies
  Robin (D:3)
  A gnoll (D:4)
  14 adders
  A shadow imp (D:8)
  An adder zombie (D:8)
  An adder skeleton (D:4)
  2 worms (D:4)
  2 leopard geckos
  18 orcs
  2 ball pythons
  6 bats
  4 giant cockroaches
  A gnoll zombie (Ossuary)
  11 goblins
  5 hobgoblins
  4 jackals
  5 quokkas
  2 ball python skeletons (D:4)
  6 frilled lizards
  A giant cockroach zombie (D:6)
  3 goblin zombies (Ossuary)
  A hobgoblin zombie (Ossuary)
  A jackal skeleton (D:9)
  2 kobolds
  A kobold zombie (Ossuary)
  2 orc zombies (Ossuary)
  A quokka skeleton (D:8)
  5 rats
  A rat zombie (Ossuary)
177 creatures vanquished.

Vanquished Creatures (others)
  A fungus (D:9)
  6 plants
7 creatures vanquished.

Grand Total: 184 creatures vanquished

Notes
Turn   | Place    | Note
-------+----------+-------------------------------------------
     0 | D:1      | KleinerIrrer the Octopode Fire Elementalist began the quest
                  | for the Orb.
     0 | D:1      | Reached XP level 1. HP: 11/11 MP: 3/3
   581 | D:1      | Reached XP level 2. HP: 17/17 MP: 5/5
  1429 | D:2      | Reached XP level 3. HP: 17/21 MP: 2/6
  1554 | D:2      | Learned a level 3 spell: Conjure Flame
  1925 | D:2      | Reached XP level 4. HP: 16/27 MP: 4/7
  2052 | D:2      | Learned a level 4 spell: Sticky Flame
  2061 | D:2      | Noticed Terence
  2082 | D:2      | Killed Terence
  2616 | D:2      | Noticed Sigmund
  2818 | D:3      | Noticed Ijyb
  3525 | D:3      | Killed Ijyb
  3525 | D:3      | Reached XP level 5. HP: 7/31 MP: 4/9
  3850 | D:3      | Noticed Robin
  3860 | D:3      | Killed Robin
  5025 | D:4      | Found a hide-covered altar of Uskayaw.
  5093 | D:4      | Found a burning altar of Makhleb.
  5147 | D:3      | Reached skill level 5 in Fire Magic
  5346 | D:4      | Reached XP level 6. HP: 21/36 MP: 11/11
  5627 | D:4      | Learned a level 2 spell: Blink
  6455 | D:4      | Found a sparkling altar of Nemelex Xobeh.
  6997 | D:5      | Entered Level 5 of the Dungeon
  7022 | D:5      | Reached XP level 7. HP: 40/41 MP: 10/13
  7038 | D:5      | You fall through a shaft for 2 floors!
  7056 | D:7      | Noticed Harold
  7192 | D:7      | HP: 2/41 [orc warrior/+0 scimitar (18)]
  7219 | D:7      | Found a white marble altar of Elyvilon.
  7219 | D:7      | Found an ancient bone altar of Kikubaaqudgha.
  7221 | D:7      | Found a glowing silver altar of Zin.
  7222 | D:7      | Identified the +10 flail "Xory" {freeze, MP+9 Int+4 Dex+5}
  7260 | D:6      | Found Zisenodd's Magic Scroll Boutique.
  7267 | D:6      | Bought a scroll of remove curse for 42 gold pieces
  7267 | D:6      | Bought a scroll of identify for 28 gold pieces
  7267 | D:6      | Bought a scroll of magic mapping for 49 gold pieces
  7267 | D:6      | Bought a scroll of teleportation for 42 gold pieces
  7325 | D:5      | Found a sand-covered staircase.
  7335 | Ossuary  | Entered an ossuary
  8494 | D:5      | Reached skill level 5 in Spellcasting
  8664 | D:5      | Reached XP level 8. HP: 41/46 MP: 15/15
  8667 | D:5      | You fall through a shaft for 2 floors!
  8668 | D:7      | Noticed a hippogriff
  8676 | D:7      | Killed a hippogriff
  9242 | D:7      | Reached skill level 5 in Conjurations
  9286 | D:7      | Found a staircase to the Ecumenical Temple.
  9339 | Temple   | Entered the Ecumenical Temple
  9579 | D:7      | Found a glowing golden altar of the Shining One.
  9605 | D:7      | Found a basalt altar of Yredelemnul.
  9673 | D:7      | Killed Harold
  9673 | D:7      | Reached XP level 9. HP: 21/51 MP: 5/19
 10214 | D:8      | Reached skill level 1 in Maces & Flails
 10235 | D:8      | Reached skill level 2 in Maces & Flails
 10297 | D:8      | Noticed a two-headed ogre
 10331 | D:8      | Killed a two-headed ogre
 10331 | D:8      | Reached skill level 5 in Maces & Flails
 10548 | D:8      | Reached skill level 6 in Maces & Flails
 10773 | D:8      | Found a shadowy altar of Dithmenos.
 11199 | D:8      | Reached XP level 10. HP: 43/56 MP: 20/20
 11300 | D:8      | Reached skill level 7 in Maces & Flails
 12203 | D:8      | Found a staircase to the Lair.
 12487 | D:9      | Reached skill level 8 in Maces & Flails
 12615 | D:9      | Found a runed translucent door.
 12714 | D:9      | Found a radiant altar of Vehumet.
 12723 | D:9      | Became a worshipper of Vehumet
 12771 | D:9      | Noticed voshxz's ghost (novice MiBe)
 12772 | D:9      | Identified the +3 spear of Noitoepu {pierce, +Rage Int+4}
 12955 | D:9      | Found Koitwob's Book Emporium.
 13193 | D:9      | Found a shimmering altar of Xom.
 13224 | D:9      | Reached skill level 9 in Maces & Flails
 13513 | D:9      | Found a sacrificial altar of Ru.
 13779 | D:10     | Entered Level 10 of the Dungeon
 13845 | D:10     | Noticed Josephine
 13856 | D:9      | Mangled by a wraith

Skill      XL: |  1  2  3  4  5  6  7  8  9 10 |
---------------+-------------------------------+-----
Fire Magic     | 4 5 6 7 |  7.9
Spellcasting   | 3 4 5 6 |  6.8
Conjurations   | 2 3 4 6 |  6.2
Maces & Flails | 6 9 |  9.6
Dodging        | |  2.0
Stealth        | |  2.6

Action                   |  1- 3 |  4- 6 |  7- 9 | 10-12 || total
-------------------------+-------+-------+-------+-------++-------
Melee: Unarmed           |    17 |       |       |       ||    17
       Constrict         |    11 |    24 |    25 |     7 ||    67
       Short sword       |    38 |    96 |    62 |       ||   196
       Tentacles         |     7 |    14 |    17 |     7 ||    45
       Flail             |       |       |    35 |    47 ||    82
 Fire: Blowgun           |       |     9 |       |       ||     9
Throw: Stone             |    12 |    43 |    66 |    28 ||   149
 Cast: Flame Tongue      |    23 |    34 |   116 |    85 ||   258
       Conjure Flame     |     1 |     5 |    10 |     2 ||    18
       Sticky Flame      |       |     1 |    12 |     8 ||    21
Evoke: Wand              |       |     4 |       |       ||     4
  Use: Scroll            |       |     8 |     4 |     2 ||    14
       Potion            |       |     4 |     4 |       ||     8
 Stab: Sleeping          |    13 |     2 |     1 |     2 ||    18
  Eat: Chunk             |     3 |    13 |    12 |     7 ||    35
       Ration            |       |     1 |     1 |       ||     2
Armor: Skin              |     5 |     5 |    10 |     1 ||    21
Dodge: Dodged            |    37 |    74 |    50 |    36 ||   197
